 Dungeon Crawl Stone Soup version 0.28-a0-247-gb8bfbab023 (webtiles) character file.

Game seed: 5577284767862338822

899 Smaepdii the Covered (level 8, -5/67 HPs)
             Began as a Gnoll Wanderer on Aug 25, 2021.
             Slain by a wyvern (11 damage)
             ... on level 5 of the Dungeon on Aug 26, 2021.
             The game lasted 00:32:09 (4809 turns).

Smaepdii the Covered (Gnoll Wanderer)               Turns: 4809, Time: 00:32:10

Health: -5/67      AC: 14    Str: 13    XL:     8   Next: 7%
Magic:  12/12      EV: 10    Int: 12    God:
Gold:   72         SH:  5    Dex: 12    Spells: 12/12 levels left

rFire   . . .      SeeInvis .   a - +2 short sword
rCold   . . .      Faith    .   (no shield)
rNeg    . . .      Spirit   .   m - +0 scale mail
rPois   .          Reflect  +   r - +2 helmet
rElec   .          Harm     .   (no cloak)
rCorr   .          Rampage  .   n - +2 pair of gloves
Will    .....                   (no boots)
Stlth   +.........              k - amulet of reflection
HPRegen 0.21/turn               g - ring of flight
MPRegen 0.13/turn               (no ring)

@: flying
A: fangs 1, strong nose, distributed training
a: no special abilities


You were on level 5 of the Dungeon.
You visited 1 branch of the dungeon, and saw 7 of its levels.

You collected 217 gold pieces.
You spent 145 gold pieces at shops.

Inventory:

Hand Weapons
 a - a +2 short sword (weapon)
 b - a +0 arbalest of flaming
 y - a +1 shortbow
Missiles
 c - 28 arrows
 h - 17 poisoned darts (quivered)
 z - 34 bolts
Armour
 m - a +0 scale mail (worn)
 n - a +2 pair of gloves (worn)
 r - a +2 helmet (worn)
Jewellery
 g - a ring of flight (left hand)
 k - an amulet of reflection (around neck)
Wands
 q - a wand of polymorph (11)
Scrolls
 d - 2 scrolls of teleportation
 e - a scroll of holy word
 l - a scroll of blinking
 w - a scroll of enchant armour
Potions
 i - 2 potions of cancellation
 j - 3 potions of curing
 p - 2 potions of brilliance
 t - a potion of attraction
 u - a potion of ambrosia
 v - 2 potions of haste
 A - a potion of resistance


   Skills:
 + Level 7.2 Fighting
 + Level 3.9 Short Blades
 + Level 2.9 Long Blades
 + Level 2.9 Axes
 + Level 2.9 Maces & Flails
 + Level 2.9 Polearms
 + Level 2.9 Staves
 + Level 2.9 Slings
 + Level 3.9 Bows
 + Level 2.9 Crossbows
 + Level 3.9 Throwing
 + Level 7.2 Armour
 + Level 2.9 Dodging
 + Level 3.8 Stealth
 + Level 2.9 Shields
 + Level 2.9 Unarmed Combat
 + Level 2.9 Spellcasting
 + Level 2.3 Conjurations
 + Level 2.3 Hexes
 + Level 2.3 Summonings
 + Level 2.3 Necromancy
 + Level 2.3 Translocations
 + Level 2.3 Transmutations
 + Level 2.3 Fire Magic
 + Level 2.3 Ice Magic
 + Level 2.3 Air Magic
 + Level 2.3 Earth Magic
 + Level 2.3 Poison Magic
 + Level 3.2 Invocations
 + Level 2.9 Evocations


You had 12 spell levels left.
You didn't know any spells.
Your spell library contained the following spells:

 Spells                   Type           Power      Damage    Failure   Level
 Freeze                   Ice            28%        1d5       34%         1
 Magic Dart               Conj           28%        1d4       34%         1
 Call Imp                 Summ           7%         N/A       47%         2
 Slow                     Hex            7%         N/A       47%         2
 Confusing Touch          Hex            7%         N/A       71%         3
 Mephitic Cloud           Conj/Pois/Air  7%         N/A       71%         3
 Stone Arrow              Conj/Erth      14%        3d7       71%         3
 Vampiric Draining        Necr           3%         2d6       71%         3
 Petrify                  Tmut/Erth      7%         N/A       98%         4
 Bolt of Magma            Conj/Fire/Erth 3%         4d5       100%        5
 Metabolic Englaciation   Hex/Ice        3%         N/A       100%        5
 Statue Form              Tmut/Erth      4%         N/A       100%        6
 Shatter                  Erth           3%         3d7*      100%        9


Dungeon Overview and Level Annotations

Branches:
Dungeon (7/15)
 Temple: D:4-7

Altars:
Wu Jian

Shops:
D:2 !?*   D:4 *   D:5 =?::


Innate Abilities, Weirdness & Mutations

You have very sharp teeth.
Your uncanny sense of smell can sniff out nearby items.
Your experience applies equally to all skills.


Message History

The wyvern hisses angrily.
The shadow slips into darkness.
The shadow flickers and vanishes!
Deactivating autopickup; reactivate with Ctrl-A.
The gnoll sergeant hits you from afar with a +0 spear!
You hit the wyvern.
The wyvern is lightly wounded.
You block the gnoll sergeant's attack. You block the wyvern's attack.
The shadow strikes at you from the darkness!
Reactivating autopickup.
The wyvern bites you.
The wyvern bites you but does no damage.
Things that are here:
a +0 dagger; a kobold corpse
There is a stone staircase leading up here.
The wyvern bites you!
The gnoll sergeant hits you from afar with a +0 spear.
* * * LOW HITPOINT WARNING * * *
The wyvern bites you!
* * * LOW HITPOINT WARNING * * *
The shadow completely misses you.
You fly upwards.
There is a stone staircase leading down here.
You feel much better. The wyvern bites you!
* * * LOW HITPOINT WARNING * * *
The shadow hits you!
* * * LOW HITPOINT WARNING * * *
The wyvern bites you.
* * * LOW HITPOINT WARNING * * *
The shadow hits you.
Blink to where?
Press: ? - help, Dir - move target
As you read the scroll of blinking, it crumbles to dust.
You block the wyvern's attack.
The shadow slips into darkness.
The shadow flickers and vanishes!
Deactivating autopickup; reactivate with Ctrl-A.
The wyvern bites you but does no damage.
The wyvern bites you!
You die...

......#####'#.#######
................#
................#
................#
................#
................####
................'..#
................##.#
###########....l@..#
####.......#######
#.⌠.⌠......#
#..∩.......#
#.⌠.⌠......#
#.##.......#
#..........#
####.......#
#########


You could see a wyvern.

Vanquished Creatures
  2 sky beasts (D:5)
  A necrophage (D:4)
  A centaur (D:4)
  A kobold brigand (D:5)
  A scorpion (D:4)
  A jelly (D:6)
  2 hounds
  A gnoll shaman (D:4)
  An iguana (D:5)
  An orc wizard (D:4)
  A howler monkey zombie (D:6)
  5 gnolls
  9 adders
  A howler monkey skeleton (D:4)
  A shadow imp (D:6)
  A worm (D:3)
  2 dart slugs (D:3)
  10 orcs
  4 bats
  4 endoplasms
  A giant cockroach (D:3)
  11 goblins
  14 hobgoblins
  2 jackals (D:4)
  7 kobolds
  A quokka (D:1)
  7 ball pythons
  A frilled lizard (D:1)
  3 rats
97 creatures vanquished.

Vanquished Creatures (others)
  A fungus (D:3)
  A plant (D:3)
2 creatures vanquished.

Grand Total: 99 creatures vanquished

Notes
Turn   | Place    | Note
-------+----------+-------------------------------------------
     0 | D:1      | Smaepdii the Gnoll Wanderer began the quest for the Orb.
     0 | D:1      | Smaepdii set off with the following items: a +2 short
                  | sword, a +0 shortbow, 19 arrows, a scroll of teleportation,
                  | a +0 robe
     0 | D:1      | Reached XP level 1. HP: 23/23 MP: 1/1
   194 | D:1      | Reached XP level 2. HP: 4/29 MP: 2/2
   738 | D:1      | Reached XP level 3. HP: 35/35 MP: 3/3
  1096 | D:2      | Found Dinapiot's Distillery.
  1104 | D:2      | Bought a potion of curing for 33 gold pieces
  1106 | D:2      | Found Lianop's Magic Scroll Boutique.
  1199 | D:2      | Found Juqeseosami's Assorted Antiques.
  1269 | D:2      | Reached skill level 1 in Invocations
  1719 | D:3      | Reached skill level 1 in Long Blades
  1719 | D:3      | Reached skill level 1 in Axes
  1719 | D:3      | Reached skill level 1 in Maces & Flails
  1719 | D:3      | Reached skill level 1 in Polearms
  1719 | D:3      | Reached skill level 1 in Staves
  1719 | D:3      | Reached skill level 1 in Slings
  1719 | D:3      | Reached skill level 1 in Crossbows
  1719 | D:3      | Reached skill level 1 in Dodging
  1719 | D:3      | Reached skill level 1 in Shields
  1719 | D:3      | Reached skill level 1 in Unarmed Combat
  1719 | D:3      | Reached skill level 1 in Spellcasting
  1719 | D:3      | Reached skill level 1 in Evocations
  1846 | D:3      | Reached XP level 4. HP: 37/41 MP: 5/5
  1949 | D:3      | You are sucked into a shaft and drop 1 floor!
  2195 | D:3      | Found a faded altar of an unknown god.
  2203 | D:3      | Got Plato's Papyrus of the Glacier
  2505 | D:4      | Reached skill level 1 in Conjurations
  2505 | D:4      | Reached skill level 1 in Hexes
  2505 | D:4      | Reached skill level 1 in Summonings
  2505 | D:4      | Reached skill level 1 in Necromancy
  2505 | D:4      | Reached skill level 1 in Translocations
  2505 | D:4      | Reached skill level 1 in Transmutations
  2505 | D:4      | Reached skill level 1 in Fire Magic
  2505 | D:4      | Reached skill level 1 in Ice Magic
  2505 | D:4      | Reached skill level 1 in Air Magic
  2505 | D:4      | Reached skill level 1 in Earth Magic
  2505 | D:4      | Reached skill level 1 in Poison Magic
  2759 | D:4      | Reached XP level 5. HP: 47/47 MP: 6/6
  2932 | D:4      | You are sucked into a shaft and drop 3 floors!
  2948 | D:6      | Noticed an orc warrior
  2948 | D:6      | Noticed a kobold brigand
  2958 | D:6      | Noticed a shadow
  2967 | D:5      | Entered Level 5 of the Dungeon
  2967 | D:5      | Found Dofiheex's Jewellery Shop.
  2977 | D:5      | Noticed a sky beast
  3004 | D:5      | Found Inaciukk's Book Shop.
  3009 | D:5      | Noticed a sky beast
  3018 | D:4      | Noticed a centaur
  3056 | D:4      | Killed a centaur
  3057 | D:4      | Reached XP level 6. HP: 34/53 MP: 8/8
  3332 | D:4      | Found an ornate altar of the Wu Jian Council.
  3392 | D:4      | Noticed a necrophage
  3403 | D:4      | Killed a necrophage
  3442 | D:4      | Reached XP level 7. HP: 59/59 MP: 10/10
  3802 | D:4      | Found Edol's Assorted Antiques.
  4275 | D:5      | Found Judom's Magic Scroll Emporium.
  4288 | D:5      | Bought a scroll of identify for 28 gold pieces
  4288 | D:5      | Bought a scroll of identify for 28 gold pieces
  4288 | D:5      | Bought a scroll of identify for 28 gold pieces
  4288 | D:5      | Bought a scroll of identify for 28 gold pieces
  4410 | D:5      | Found Awacsaw's Book Shop.
  4716 | D:6      | Reached XP level 8. HP: 62/67 MP: 12/12
  4788 | D:6      | Noticed a wyvern
  4809 | D:5      | Slain by a wyvern

Illustrated notes

Levels and vault maps discovered:
D:1:      onia_arrival_mini_maze_b, layout_basic, minmay_tripent
D:2:      layout_loops_cross, serial_shops, shop, shop_fountains, shop,
          minmay_misc_feat_room, minmay_small_reverse_x
D:3:      layout_rooms, shapermc_ecumenical_altar_rom_forum, minmay_diced_spiral
D:4:      layout_loops_ring, nzn_wu_jian_contemplation, serial_shops, shop
D:5:      layout_basic, serial_shops, shop_fountains, nicolae_shop_statue_plus,
          nicolae_square_shop, nicolae_shop_window_shopping
D:6:      layout_rooms, minmay_chambers_of_fives
D:7:      layout_rooms, minmay_temple_entry_sparse_star, uniq_harold, uniq_pikel

Skill      XL: |  1  2  3  4  5  6  7 |
---------------+----------------------+-----
Invocations    | 1 2 3 |  3.2
Long Blades    | 1 2 |  2.9
Axes           | 1 2 |  2.9
Maces & Flails | 1 2 |  2.9
Polearms       | 1 2 |  2.9
Staves         | 1 2 |  2.9
Slings         | 1 2 |  2.9
Crossbows      | 1 2 |  2.9
Dodging        | 1 2 |  2.9
Shields        | 1 2 |  2.9
Unarmed Combat | 1 2 |  2.9
Spellcasting   | 1 2 |  2.9
Evocations     | 1 2 |  2.9
Conjurations   | 1 2 |  2.3
Hexes          | 1 2 |  2.3
Summonings     | 1 2 |  2.3
Necromancy     | 1 2 |  2.3
Translocations | 1 2 |  2.3
Transmutations | 1 2 |  2.3
Fire Magic     | 1 2 |  2.3
Ice Magic      | 1 2 |  2.3
Air Magic      | 1 2 |  2.3
Earth Magic    | 1 2 |  2.3
Poison Magic   | 1 2 |  2.3
Short Blades   | 3 |  3.9
Bows           | 3 |  3.9
Throwing       | 3 |  3.9
Stealth        | 3 |  3.8
Fighting       | 7 |  7.2
Armour         | 7 |  7.2

Action                   |  1- 3 |  4- 6 |  7- 9 || total
-------------------------+-------+-------+-------++-------
Melee: Short sword       |    74 |   109 |   113 ||   296
       Bite              |     2 |    13 |     7 ||    22
 Fire: Shortbow          |    34 |    27 |    17 ||    78
       Arbalest          |       |       |    13 ||    13
Throw: Dart              |       |     3 |     3 ||     6
  Use: Scroll            |       |    10 |     8 ||    18
       Potion            |       |     2 |     1 ||     3
 Stab: Sleeping          |     3 |       |       ||     3
Armor: Robe              |     4 |       |       ||     4
       Leather armour    |    11 |       |       ||    11
       Ring mail         |     5 |    71 |    41 ||   117
       Scale mail        |       |       |    21 ||    21
Dodge: Dodged            |    33 |    76 |    54 ||   163
Block: Other             |     2 |    35 |    29 ||    66
       Reflection        |       |     2 |       ||     2

Table legend: (Time is in decaauts)
 A = Elapsed time spent in this place.
 B = Non-inter-level travel time spent in this place.
 C = Inter-level travel time spent in this place.
 D = Time resting spent in this place.
 E = Time spent auto-exploring this place.
 F = Levels seen in this place.
 G = Mean time per level.
                   A        B        C        D        E       F      G
               +--------+--------+--------+--------+--------+-----+--------+
         Total |   4772 |   4647 |    125 |    868 |   2305 |   7 |  681.7 |
       Dungeon |   4772 |   4647 |    125 |    868 |   2305 |   7 |  681.7 |
               +--------+--------+--------+--------+--------+-----+--------+

Top non-repeatable levels by time:
     D:4: 1345 daAuts
     D:1: 1090 daAuts
     D:5: 813 daAuts
     D:3: 802 daAuts
     D:2: 597 daAuts
     D:6: 102 daAuts
     D:7: 21 daAuts
